 Dungeon Crawl Stone Soup version 0.21-a0-113-g6841d05 (webtiles) character file.

13414 MackTheKnife the Slicer (level 12, -2/67 HPs)
             Began as a Vine Stalker Berserker on July 12, 2017.
             Was a High Priest of Trog.
             Slain by an eight-headed hydra (7 damage)
             ... on level 1 of the Lair of Beasts.
             The game lasted 00:18:26 (10013 turns).

MackTheKnife the Slicer (Vine Stalker Berserker)   Turns: 10013, Time: 00:18:26

Health: -2/67      AC:  8    Str: 21    XL:     12   Next: 5%
Magic:  0/13       EV: 18    Int: 10    God:    Trog [*****.]
Gold:   848        SH:  4    Dex: 18    Spells: 11/11 levels left

rFire    + . .     SeeInvis +   a - +2 dagger (drain)
rCold    + . .     Gourm    .   (no shield)
rNeg     . . .     Faith    .   u - +0 leather armour {rC+}
rPois    .         Spirit   +   d - +1 helmet {Int+3}
rElec    .         Reflect  +   s - +0 cloak
rCorr    .         Harm     .   f - +1 pair of gloves
MR       +....                  (no boots)
Stlth    +.........             n - +4 amulet of reflection
HPRegen  1.01/turn              l - ring of protection from fire {rF+, !d}
MPRegen  0.13/turn              M - ring of see invisible {sInv, !d}

@: no status effects
A: fangs 3, regeneration 2, magic shield, antimagic bite, no potion heal 3, rot
immunity
a: Berserk, Trog's Hand, Brothers in Arms, Burn Spellbooks, Renounce Religion


You were on level 1 of the Lair of Beasts.
You worshipped Trog.
Trog was extremely pleased with you.
You were hungry.

You visited 2 branches of the dungeon, and saw 12 of its levels.

You collected 848 gold pieces.

Inventory:

Hand Weapons
 a - a +2 dagger of draining (weapon)
   (You took it off an orc on level 7 of the Dungeon)
 b - a +2 dagger of holy wrath
   (You took it off an orc wizard on level 6 of the Dungeon)
 K - a cursed -1 blowgun
   (You took it off a kobold on level 10 of the Dungeon)
 N - a +0 vampiric whip {!w}
   (You took it off an orc on level 10 of the Dungeon)
Missiles
 x - a throwing net {=f, !d}
 L - 7 curare-tipped needles
Armour
 d - a +1 helmet of intelligence (worn)
   (You found it on level 7 of the Dungeon)
 f - a +1 pair of gloves (worn)
   (You found it on level 1 of the Dungeon)
 s - a +0 cloak (worn)
   (You found it on level 3 of the Dungeon)
 u - a +0 leather armour of cold resistance (worn)
   (You took it off an orc on level 6 of the Dungeon)
Jewellery
 l - a ring of protection from fire (left hand) {rF+, !d}
   (You took it off a hobgoblin on level 1 of the Dungeon)
 n - a +4 amulet of reflection (around neck)
   (You found it on level 7 of the Dungeon)
 w - an uncursed amulet of magic regeneration
   (You took it off an orc wizard on level 6 of the Dungeon)
 M - a ring of see invisible (right hand) {sInv, !d}
   (You found it on level 10 of the Dungeon)
Wands
 y - a wand of disintegration (17/24)
   (You found it on level 5 of the Dungeon)
 C - a wand of confusion (24/48)
   (You found it on level 5 of the Dungeon)
 D - a wand of digging (10/24)
   (You found it on level 5 of the Dungeon)
 G - a wand of polymorph (19/24)
   (You found it on level 9 of the Dungeon)
Scrolls
 e - 3 scrolls of teleportation
 h - 2 scrolls of enchant armour
 B - 3 scrolls of enchant weapon {unknown}
 F - 2 scrolls of identify
 H - 2 scrolls of remove curse
 J - a scroll of fog
Potions
 g - 2 potions of magic
 i - a potion of lignification {!q}
 j - 6 potions of curing
 p - 3 potions of berserk rage {!q}
 q - 2 potions of mutation {!q}
 t - a potion of invisibility
 v - 3 potions of flight
 z - 3 potions of resistance
 E - 2 potions of agility
Books
 I - a book of Minor Magic
   (You found it on level 10 of the Dungeon)
Comestibles
 c - 9 bread rations {@e1}
 k - 5 meat rations {@e2}
 m - 7 royal jellies
 r - 4 fruits


   Skills:
 + Level 9.9 Fighting
 - Level 12.1 Short Blades
 - Level 1.5 Armour
 + Level 8.1 Dodging


You had 11 spell levels left.
You didn't know any spells.

Dungeon Overview and Level Annotations

Branches:
Dungeon (11/15)            Temple (0/1) D:6            Lair (1/6) D:9
    Orc (0/2) D:10

Altars:
Elyvilon
Gozag
Yredelemnul

Shops:
D:6 (   D:7 }

Annotations:
D:11 exclusion: ugly thing


Innate Abilities, Weirdness & Mutations

You have razor-sharp teeth.
You heal very quickly.
When hurt, damage is shared between your health and your magic reserves.
Your bite disrupts and absorbs the magic of your enemies.
Potions cannot restore your health.
You are immune to rotting.


Message History

You hit the yak. You drain the yak! You bite the yak! You drain its power.
The yak misses you.
Health restored: 67 The spellbook bursts into flames.
Trog is delighted!
The yak is engulfed in blazing flames.
The yak gores you.
You take 3 damage, and have 64/67 hp.
You barely miss the yak. Your bite misses the yak. You barely miss the yak.
The yak is engulfed in blazing flames.
You kill the yak!
Trog accepts your kill.
Health restored: 67 The yak barely misses you.
You hit the yak. You drain the yak! You hit the yak but do no damage.
You bite the yak, but do no damage. The yak barely misses you.
You hit the yak but do no damage. Your bite misses the yak. You hit the yak.
You drain the yak! You bite the yak, but do no damage. You hit the yak.
You bite the yak. You drain its power. The yak misses you.
You hit the yak. You bite the yak. You drain its power. You hit the yak.
Your bite misses the yak. The yak closely misses you. The yak gores you!
You barely miss the yak. You bite the yak, but do no damage.
You take 6 damage, and have 61/67 hp.
You now have 12/13 mp.
You hit the yak but do no damage. You bite the yak. You drain its power.
You feel invigorated. The yak barely misses you. The yak misses you.
MP restored: 13 You hit the yak.
You drain the yak! You barely miss the yak. Your bite misses the yak.
The yak closely misses you. The yak barely misses you.
You hit the yak. You drain the yak! Your bite misses the yak. You hit the yak.
You kill the yak!
Trog accepts your kill. The yak gores you.
You hit the yak. You drain the yak! You bite the yak. You drain its power.
You feel invigorated.
You hit the yak. You bite the yak, but do no damage.
You block the yak's attack.
You hit the yak. You drain the yak! Your bite misses the yak.
You completely miss the yak. You bite the yak. You drain its power.
The yak gores you but does no damage.
You hit the yak but do no damage. You drain the yak! You hit the yak.
You bite the yak. You drain its power.
You kill the yak!
Trog accepts your kill.
Health restored: 67 No target in view!
No target in view!
Things that are here:
a yak corpse x2
Things that are here:
a crocodile skeleton; a wolf skeleton
Found a stone staircase leading down.
J - a scroll of fog You found a shaft!
E - 2 potions of agility (gained 1)
You see here a falchion.
All of the chunks of flesh in your inventory have rotted away.
An eight-headed hydra comes into view.
An eight-headed hydra is nearby!
The eight-headed hydra roars!
You are feeling hungry.
Drop what? 39/52 slots (_ for help) (? for menu, Esc to quit)
You drop a book of Debilitation.
Things that are here:
a yak corpse x2
The spellbook bursts into flames.
Trog is delighted!
The eight-headed hydra is engulfed in blazing flames.
The eight-headed hydra bites you but does no damage. x4
The eight-headed hydra bites you!
The eight-headed hydra closely misses you.
The eight-headed hydra bites you but does no damage. x2
You take 11 damage, and have 56/67 hp.
You now have 11/13 mp.
Unknown command.
The eight-headed hydra is engulfed in blazing flames.
The eight-headed hydra barely misses you.
You block the eight-headed hydra's attack.
The eight-headed hydra bites you! x2
The eight-headed hydra barely misses you.
The eight-headed hydra misses you.
The eight-headed hydra closely misses you.
The eight-headed hydra barely misses you.
You take 16 damage, and have 40/67 hp.
MASSIVE DAMAGE!!
You now have 7/13 mp.
You hit the eight-headed hydra. You drain the eight-headed hydra!
You bite the eight-headed hydra. You drain its power.
You feel invigorated.
The eight-headed hydra is engulfed in blazing flames.
The eight-headed hydra bites you!
The eight-headed hydra bites you but does no damage.
The eight-headed hydra bites you!
You block the eight-headed hydra's attack.
The eight-headed hydra bites you!
* * * LOW HITPOINT WARNING * * *
The eight-headed hydra bites you.
* * * LOW HITPOINT WARNING * * *
The eight-headed hydra bites you!
* * * LOW HITPOINT WARNING * * *
The eight-headed hydra bites you!
You die...

#....##P).............#
#####
#....#####..........P##
##...## #.....#
#..........## #.....#
#.....## ##.........###
##...... [......#
#...........####....>.#
.......##
#........##...........#
........#
##......######.....####
.#......########D##
###....### #.........
##@# #####...
.........# ##..# ###.
.........#####...# #P.
...#......#..รท...# #..
..#####..........# ...
................###
....
.........#.#......##
.....
.....######........##
...... ..P###
##..........## #.....#


You could see an eight-headed hydra.

Vanquished Creatures
  2 centaur warriors (D:10)
  2 two-headed ogres
  An unseen horror (D:10)
  A komodo dragon (Lair:1)
  A yaktaur (D:10)
  A hornet (D:10)
  Prince Ribbit (D:5)
  Sigmund (D:5)
  A hippogriff (D:10)
  A spriggan (shapeshifter) (D:10)
  2 wyverns
  11 yaks
  A basilisk (D:11)
  A human (D:7)
  4 hogs (D:7)
  2 hungry ghosts
  Edmund (D:4)
  3 water moccasins
  Duvessa (D:7)
  A black bear (D:8)
  3 orc warriors
  A sky beast (D:5)
  2 ice beasts
  3 phantoms
  The ghost of WobbleTop the Charmwright, an amateur GnSk (D:3)
  3 ogres
  6 wolves (Lair:1)
  A crocodile (Lair:1)
  2 centaurs
  A big kobold (D:10)
  12 bullfrogs
  Dowan (D:7)
  A scorpion (D:4)
  4 killer bees (D:7)
  A wight (D:8)
  6 crimson imps
  5 howler monkeys
  2 bullfrog zombies
  A quasit (D:6)
  A centaur zombie (D:8)
  4 orc priests
  2 centaur skeletons
  5 hounds
  A jelly (D:9)
  4 bullfrog skeletons
  A gnoll shaman (D:6)
  Natasha (twice) (D:3)
  2 iguanas
  9 orc wizards
  10 worker ants
  2 killer bee zombies
  A hound skeleton (D:10)
  14 gnolls
  10 adders
  2 shadow imps
  An ooze (D:1)
  3 adder skeletons
  2 worms
  2 dart slugs
  3 leopard geckos
  44 orcs
  2 ball pythons (D:3)
  3 giant cockroaches
  11 goblins
  6 hobgoblins
  4 jackals
  5 quokkas
  4 bats
  5 frilled lizards
  9 kobolds
  5 rats
274 creatures vanquished.

Vanquished Creatures (others)
  6 fungi (D:4)
6 creatures vanquished.

Grand Total: 280 creatures vanquished

Notes
Turn   | Place    | Note
-------+----------+-------------------------------------------
     0 | D:1      | MackTheKnife the Vine Stalker Berserker began the quest for the Orb.
     0 | D:1      | Reached XP level 1. HP: 11/11 MP: 2/2
   236 | D:1      | Reached skill level 3 in Short Blades
   305 | D:1      | Reached XP level 2. HP: 14/16 MP: 3/3
  1068 | D:2      | Reached XP level 3. HP: 18/19 MP: 4/4
  1422 | D:2      | Reached skill level 4 in Short Blades
  1871 | D:3      | Reached ** piety under Trog
  2142 | D:3      | Gained mutation: Your natural rate of healing is unusually fast. [Vine Stalker growth]
  2142 | D:3      | Reached XP level 4. HP: 22/23 MP: 5/5
  2226 | D:3      | Noticed Natasha
  2248 | D:3      | Killed Natasha
  2480 | D:3      | Noticed Natasha
  2491 | D:3      | Killed Natasha
  2491 | D:3      | Reached skill level 5 in Short Blades
  2491 | D:3      | Reached XP level 5. HP: 26/27 MP: 6/6
  2539 | D:3      | Noticed WobbleTop's ghost (amateur GnSk)
  2556 | D:3      | Killed WobbleTop's ghost
  2789 | D:4      | Found a white marble altar of Elyvilon.
  2873 | D:4      | Noticed Edmund
  2909 | D:4      | Killed Edmund
  2909 | D:4      | Reached skill level 6 in Short Blades
  2909 | D:4      | Reached XP level 6. HP: 32/32 MP: 7/7
  3422 | D:4      | Reached skill level 7 in Short Blades
  3422 | D:4      | Reached XP level 7. HP: 34/35 MP: 5/8
  3778 | D:5      | Entered Level 5 of the Dungeon
  3904 | D:5      | Noticed a two-headed ogre
  3914 | D:5      | Killed a two-headed ogre
  3914 | D:5      | Reached skill level 9 in Short Blades
  3914 | D:5      | Gained mutation: You have razor-sharp teeth. [Vine Stalker growth]
  3914 | D:5      | Reached XP level 8. HP: 39/39 MP: 9/9
  3998 | D:5      | Noticed Sigmund
  4011 | D:5      | Killed Sigmund
  4011 | D:5      | Reached skill level 10 in Short Blades
  4139 | D:5      | Reached XP level 9. HP: 43/43 MP: 10/10
  4180 | D:5      | Noticed Prince Ribbit
  4189 | D:5      | Killed Prince Ribbit
  4503 | D:6      | Reached skill level 11 in Short Blades
  4670 | D:6      | Reached *** piety under Trog
  4806 | D:6      | Found a staircase to the Ecumenical Temple.
  5023 | D:6      | Reached skill level 3 in Fighting
  5128 | D:6      | Found Jekybuumn's Weapon Shop.
  5450 | D:7      | Reached skill level 4 in Fighting
  5457 | D:7      | Reached skill level 12 in Short Blades
  5457 | D:7      | Reached XP level 10. HP: 51/51 MP: 11/11
  5462 | D:7      | Reached skill level 5 in Fighting
  5548 | D:7      | Reached skill level 2 in Dodging
  5739 | D:7      | Noticed Duvessa
  5980 | D:7      | Noticed Dowan
  5994 | D:7      | Killed Duvessa
  5994 | D:7      | Reached skill level 3 in Dodging
  5999 | D:7      | Killed Dowan
  6028 | D:7      | Found Xycoarat's Gadget Emporium.
  6281 | D:8      | Found a basalt altar of Yredelemnul.
  6296 | D:8      | Reached **** piety under Trog
  6319 | D:8      | Got a bone war axe
  6396 | D:8      | Found an opulent altar of Gozag.
  6447 | D:8      | Reached skill level 6 in Fighting
  6871 | D:9      | Reached skill level 4 in Dodging
  7702 | D:9      | Found a staircase to the Lair.
  7827 | D:10     | Entered Level 10 of the Dungeon
  7970 | D:10     | Killed an unseen horror
  7970 | D:10     | Reached skill level 7 in Fighting
  7970 | D:10     | Reached skill level 5 in Dodging
  8161 | D:10     | Noticed a centaur warrior
  8164 | D:10     | HP: 17/82 [centaur warrior/arrow (15)]
  8251 | D:10     | Reached XP level 11. HP: 49/58 MP: 8/12
  8276 | D:10     | Killed a centaur warrior
  8472 | D:10     | Reached skill level 6 in Dodging
  8556 | D:10     | Reached skill level 8 in Fighting
  8628 | D:10     | Reached ***** piety under Trog
  8763 | D:10     | Noticed a centaur warrior
  8780 | D:10     | Killed a centaur warrior
  8928 | D:10     | Found a staircase to the Orcish Mines.
  9083 | D:10     | Reached skill level 7 in Dodging
  9183 | D:11     | Noticed a two-headed ogre
  9196 | D:11     | Killed a two-headed ogre
  9196 | D:11     | Reached skill level 9 in Fighting
  9309 | D:11     | Noticed a red ugly thing
  9328 | D:11     | Noticed a two-headed ogre
  9329 | D:11     | Noticed an ogre mage
  9455 | Lair:1   | Entered Level 1 of the Lair of Beasts
  9584 | Lair:1   | Noticed a seven-headed hydra
  9769 | Lair:1   | Reached skill level 8 in Dodging
  9769 | Lair:1   | Gained mutation: You heal very quickly. [Vine Stalker growth]
  9769 | Lair:1   | Reached XP level 12. HP: 61/67 MP: 13/13
  9964 | Lair:1   | Noticed an eight-headed hydra
 10013 | Lair:1   | HP: 13/67 [eight-headed hydra (8)]
 10013 | Lair:1   | HP: 5/67 [eight-headed hydra (6)]
 10013 | Lair:1   | Slain by an eight-headed hydra

Vault maps used:
D:1:      scummos_arrival_checkerplants, minmay_misc_feat_encased, st_stairs_5,
          wad_floor_pattern_untrapped
D:2:      first_bread
D:3:      uniq_natasha
D:4:      marbit_many_paths, serial_aquarium, aquarium_bridge_square,
          aquarium_window_fake, aquarium_window_fake, aquarium_view_2d,
          aquarium_view_2c, aquarium_pool_2, uniq_edmund
D:5:      uniq_sigmund, uniq_prince_ribbit1
D:6:      minmay_temple_entry_from_below_b, serial_shops, kennysheep_mini
D:7:      serial_shops, nicolae_shop_statue_plus, zaba_anthole, grunt_livestock,
          nrook_pool_corridor, minmay_statues_item, uniq_duvessa
D:8:      serial_glass, glass_columns_b, glass_columns_a, glass_columns_b,
          glass_columns_b, glass_columns_b, glass_columns_a, glass_columns_b,
          glass_columns_c, minmay_misc_feat_tower, hangedman_feature_mirror
D:9:      lair_entry_dummy, dk_rats_in_the_wall
D:10:     hiddenorc1_lemuel, kb_rosetta
D:11:     special_room
Lair:1:   beast_lair_carwin_9

Skill      XL: |  1  2  3  4  5  6  7  8  9 10 11 |
---------------+----------------------------------+-----
Short Blades   | 3 4 5 6 7 9 10 12 | 12.1
Fighting       | 4 7 9 |  9.9
Dodging        | 5 8 |  8.1
Armour         | |  1.5

Action                   |  1- 3 |  4- 6 |  7- 9 | 10-12 || total
-------------------------+-------+-------+-------+-------++-------
Melee: Short sword       |    96 |   120 |   192 |       ||   408
       Bite              |    29 |    40 |   111 |   297 ||   477
       Dagger            |       |       |    85 |   667 ||   752
Invok: Berserk           |       |     3 |     6 |     5 ||    14
       Trog's Hand       |       |     1 |     4 |    11 ||    16
       Burn Spellbooks   |       |       |       |     2 ||     2
  Use: Scroll            |       |     6 |    11 |     8 ||    25
 Stab: Sleeping          |     2 |       |       |     1 ||     3
       Distracted        |       |       |       |     1 ||     1
  Eat: Chunk             |     4 |     5 |    12 |    20 ||    41
       Fruit             |       |     1 |       |     1 ||     2
       Bread ration      |       |       |       |     1 ||     1
Armor: Animal skin       |    14 |       |       |       ||    14
       Ring mail         |     7 |    26 |    43 |       ||    76
       Leather armour    |       |       |    15 |   130 ||   145
Dodge: Dodged            |    52 |    47 |    90 |   270 ||   459
Block: Other             |       |       |       |    47 ||    47
       Reflection        |       |       |       |     3 ||     3

Vault maps used:
D:1:      scummos_arrival_checkerplants, minmay_misc_feat_encased, st_stairs_5,
          wad_floor_pattern_untrapped
D:2:      first_bread
D:3:      uniq_natasha
D:4:      marbit_many_paths, serial_aquarium, aquarium_bridge_square,
          aquarium_window_fake, aquarium_window_fake, aquarium_view_2d,
          aquarium_view_2c, aquarium_pool_2, uniq_edmund
D:5:      uniq_sigmund, uniq_prince_ribbit1
D:6:      minmay_temple_entry_from_below_b, serial_shops, kennysheep_mini
D:7:      serial_shops, nicolae_shop_statue_plus, zaba_anthole, grunt_livestock,
          nrook_pool_corridor, minmay_statues_item, uniq_duvessa
D:8:      serial_glass, glass_columns_b, glass_columns_a, glass_columns_b,
          glass_columns_b, glass_columns_b, glass_columns_a, glass_columns_b,
          glass_columns_c, minmay_misc_feat_tower, hangedman_feature_mirror
D:9:      lair_entry_dummy, dk_rats_in_the_wall
D:10:     hiddenorc1_lemuel, kb_rosetta
D:11:     special_room
Lair:1:   beast_lair_carwin_9

Table legend:
 A = Turns spent in this place as a percentage of turns spent in the entire game.
 B = Non-inter-level travel turns spent in this place as a percentage of non-inter-level travel turns spent in the entire game.
 C = Inter-level travel turns spent in this place as a percentage of turns spent in this place.
 D = Turns resting spent in this place as a percentage of non-inter-level travel turns spent in this place.
 E = Turns spent auto-exploring this place as a percentage of non-inter-level travel turns spent in this place.
 F = Non-inter-level travel turns spent in this place divided by the number of levels of this place that you've seen.
                   A       B       C       D       E      F
               +-------+-------+-------+-------+-------+----------------------
         Total | 100.0 | 100.0 |   0.5 |   2.3 |  10.1 | 286.6
       Dungeon |  87.8 |  87.7 |   0.5 |   2.6 |  11.2 | 274.2
          Lair |  12.2 |  12.3 |   0.0 |   0.0 |   2.4 | 423.0
               +-------+-------+-------+-------+-------+----------------------

Table legend:
 A = Kills in this place as a percentage of kills in entire the game.
 B = Kills by you in this place as a percentage of kills by you in the entire game.
 C = Kills by friends in this place as a percentage of kills by friends in the entire game.
 D = Other kills in this place as a percentage of other kills in the entire game.
 E = Experience gained in this place as a percentage of experience gained in the entire game.
 F = Experience gained in this place divided by the number of levels of this place that you have seen.
                   A       B       C       D       E      F
               +-------+-------+-------+-------+-------+----------------------
         Total | 100.0 | 100.0 |  -nan |  -nan | 100.0 | 1596.9
       Dungeon |  92.0 |  92.0 |  -nan |  -nan |  83.1 | 1447.5
          Lair |   8.0 |   8.0 |  -nan |  -nan |  16.9 | 3240.0
               +-------+-------+-------+-------+-------+----------------------
